 Dungeon Crawl Stone Soup version 0.21.1-1-g345015fe64 (webtiles) character file.

39 Htamos the Stinger (level 3, 0/24 HPs)
             Began as a Formicid Venom Mage on July 17, 2018.
             Slain by an adder (5 damage)
             ... on level 2 of the Dungeon.
             The game lasted 00:06:41 (1305 turns).

Htamos the Stinger (Formicid Venom Mage)            Turns: 1305, Time: 00:06:42

Health: 0/24       AC:  2    Str: 12    XL:     3   Next: 70%
Magic:  0/7        EV:  9    Int: 15    God:
Gold:   34         SH:  7    Dex: 11    Spells: 7/8 levels left

rFire    . . .     SeeInvis +   j - -1 dagger (curse)
rCold    . . .     Gourm    .   m - +1 shield (curse)
rNeg     . . .     Faith    .   a - +0 robe
rPois    .         Spirit   .   (helmet unavailable)
rElec    .         Reflect  .   (no cloak)
rCorr    .         Harm     .   (no gloves)
MR       .....                  (no boots)
Stlth    ++........             (no amulet)
HPRegen  0.08/turn              (no ring)
MPRegen  0.10/turn              (no ring)

@: lethally poisoned (0 -> -2), very slightly contaminated
A: permanent stasis, dig shafts and tunnels, four strong arms, antennae 3
a: Dig, Shaft Self


You were on level 2 of the Dungeon.
You were not hungry.

You visited 1 branch of the dungeon, and saw 2 of its levels.

You collected 34 gold pieces.

Inventory:

Hand Weapons
 d - a +0 whip
 e - a +0 dagger
 j - a cursed -1 dagger (weapon)
 q - a +0 hunting sling of flaming
Armour
 a - a +0 robe (worn)
 m - a cursed +1 shield (worn)
 r - a +0 leather armour
Jewellery
 o - an uncursed ring of ice
Scrolls
 f - a scroll of remove curse {unknown}
Potions
 k - a potion of flight {unknown}
 n - 4 potions of curing {unknown}
Books
 b - a Young Poisoner's Handbook

   Spells                             Type                      Level
   a - Sting                          Conjuration/Poison           1
   b - Poisonous Vapours              Poison/Air                   2
   c - Mephitic Cloud                 Conjuration/Poison/Air       3
   d - Olgreb's Toxic Radiance        Poison                       4
   e - Venom Bolt                     Conjuration/Poison           5
Comestibles
 c - 3 rations


   Skills:
 - Level 1.7 Dodging
 - Level 2.4 Stealth
 + Level 3.1 Spellcasting
 - Level 0.8 Conjurations
 + Level 5.0 Poison Magic


You had 7 spell levels left.
You knew the following spells:

 Your Spells              Type           Power        Failure   Level  Hunger
a - Sting                 Conj/Pois      ##..         38%         1    #......


Dungeon Overview and Level Annotations

Branches:
Dungeon (2/15)

Altars:
Kikubaaqudgha


Innate Abilities, Weirdness & Mutations

You cannot be hasted, slowed, berserked, paralysed or teleported.
You can dig through walls and to a lower floor.
Your four strong arms can wield two-handed weapons with a shield.
You have a pair of large antennae on your head. (SInv)


Message History

Press: ? - help, Shift-Dir - straight line, f/p - adder
Aim: an adder (heavily wounded)
The sting hits the adder.
The adder appears unharmed.
The adder is heavily wounded.
* * * LOW MAGIC WARNING * * *
You feel sick. The adder barely misses you. You block the adder's attack.
You hit the adder.
The adder is severely wounded.
The adder bites you.
* * * LOW HITPOINT WARNING * * *
You closely miss the adder.
The adder is severely wounded.
The adder closely misses you. The adder misses you.
You barely miss the adder.
The adder is severely wounded.
You feel sick. You block the adder's attack.
You closely miss the adder.
The adder is severely wounded.
The adder bites you.
You die...

......###<........#
#####.# ####..#...####.#
#####.##......#........#
#...........>.#...###...
..###.##.####.#..####..#
..# #... ####..........#
..# ####.##............#
### ##............. #
#.....@†.....#
#......S.....#
#............#
#............#
#..?.........#
#............#
#............#
#........._..#


You could see an adder.

Vanquished Creatures
  An adder (D:2)
  An ooze (D:1)
  2 leopard geckos
  5 bats
  5 goblins
  4 kobolds (D:1)
  A ball python (D:1)
  3 frilled lizards (D:1)
  3 rats (D:2)
25 creatures vanquished.

Notes
Turn   | Place    | Note
-------+----------+-------------------------------------------
     0 | D:1      | Htamos the Formicid Venom Mage began the quest for the Orb.
     0 | D:1      | Reached XP level 1. HP: 13/13 MP: 3/3
   135 | D:1      | Reached XP level 2. HP: 19/19 MP: 0/5
   577 | D:1      | Reached XP level 3. HP: 24/24 MP: 4/7
   740 | D:1      | You fall through a shaft!
   786 | D:2      | Reached skill level 5 in Poison Magic
  1281 | D:2      | Found an ancient bone altar of Kikubaaqudgha.
  1305 | D:2      | Slain by an adder

Skill      XL: |  1  2  3 |
---------------+----------+-----
Spellcasting   | 3 |  3.1
Poison Magic   | 5 |  5.0
Dodging        | |  1.7
Stealth        | |  2.4
Conjurations   | |  0.8

Action                   || total
-------------------------++-------
Melee: Whip              ||     7
       Dagger            ||    35
 Cast: Sting             ||    62
  Use: Scroll            ||     5
  Eat: Chunk             ||     2
Armor: Robe              ||    11
Dodge: Dodged            ||    39
Block: Shield            ||    11
